 Dungeon Crawl Stone Soup version 0.30.0-29-ga12c61a403 (webtiles) character file.

Game seed: 1562653010480726067

529 Sabo the Chopper (level 7, -8/44 HPs)
             Began as a Gargoyle Monk on June 20, 2023.
             Mangled by an ogre
             ... wielding a +0 giant club
              (11 damage)
             ... on level 5 of the Dungeon.
             The game lasted 00:18:20 (4144 turns).

Sabo the Chopper (Gargoyle Monk)                    Turns: 4144, Time: 00:18:21

Health: -8/44      AC: 15    Str: 16    XL:     7   Next: 23%
Magic:  7/7        EV:  8    Int: 11    God:
Gold:   169        SH:  0    Dex: 12    Spells: 6/6 levels left

rFire   . . .        a - +0 hand axe
rCold   . . .        d - orb {light}
rNeg    + . .        g - +0 chain mail
rPois   ∞            (no helmet)
rElec   +            (no cloak)
rCorr   .            (no gloves)
SInv    .            B - +0 pair of boots
Will    .....        (no amulet) Stlth
                     (no ring)
HPRegen 0.27/turn    (no ring)
MPRegen 0.10/turn

%: no passive effects
@: glowing
A: sickness immunity, AC +4, negative energy resistance 1, electricity
resistance, torment resistance 1, petrification resistance
a: no special abilities


You were on level 5 of the Dungeon.
You visited 1 branch of the dungeon, and saw 5 of its levels.

You collected 169 gold pieces.

Inventory:

Hand Weapons
 a - a +0 hand axe (weapon)
 i - a +1 whip of venom
 o - a +0 sling
Missiles
 h - 6 poisoned darts (quivered)
Armour
 d - an orb of light (worn)
 g - a +0 chain mail (worn)
 B - a +0 pair of boots (worn)
Jewellery
 e - a ring of ice
 l - an amulet of faith
 x - a ring of ice
Wands
 D - a wand of roots (14)
Scrolls
 c - a scroll of magic mapping
 f - 2 scrolls of poison
 m - a scroll of fear
 r - a scroll of enchant weapon
 s - a scroll of fog
 t - a scroll of silence
 u - a scroll of teleportation
 v - a scroll of vulnerability {unknown}
 w - a scroll of butterflies {unknown}
 y - a scroll of amnesia {unknown}
 z - a scroll of brand weapon {unknown}
 C - a scroll of torment {unknown}
Potions
 b - 2 potions of haste {unknown}
 j - a potion of cancellation
 k - a potion of degeneration {unknown}
 n - a potion of lignification {unknown}
 p - a potion of mutation {unknown}
 q - 2 potions of invisibility {unknown}
 A - a potion of curing {unknown}


   Skills:
 + Level 4.7 Fighting
 + Level 5.5 Axes
 + Level 3.2 Armour
 + Level 3.1 Dodging
 + Level 1.0 Stealth


You had 6 spell levels left.
You didn't know any spells.
Your spell library contained the following spells:

 Spells                   Type           Power      Damage    Failure   Level
 Volatile Blastmotes      Fire/Tloc      0%         2d10      100%        3
 Fulminant Prism          Conj/Hex       0%         3d5       100%        4
 Iskenderun's Mystic Bla  Conj/Tloc      0%         2d3       100%        4
 Lee's Rapid Deconstruct  Erth           0%         3d4*      100%        5


Dungeon Overview and Level Annotations

Branches:
Dungeon (5/15)
 Temple: D:4-7

Altars:
Fedhas
The Shining One

Shops:
D:2 (


Innate Abilities, Weirdness & Mutations

You are immune to sickness and miasma.
Your stone body is resilient. (AC +4)
You are immune to poison.
You resist negative energy. (rN+)
You are resistant to electric shocks. (rElec)
You are resistant to unholy torment.
You are immune to petrification.


Message History

The jelly is almost dead.
The jelly hits you.
You are splashed with acid.
You hit the jelly. The acid corrodes you!
Your hands burn!
The jelly is almost dead.
The jelly hits you but does no damage. x2
You hit the jelly.
You kill the jelly!
You start resting.
You are no longer corroded.
You start resting.
HP restored.
You now have 169 gold pieces (gained 7).
An ogre comes into view. It is wielding a +0 giant club.
The ogre shouts!
The ogre barely misses you.
You completely miss the ogre. You hit the ogre.
The ogre is lightly wounded.
The ogre closely misses you.
You hit the ogre.
The ogre is lightly wounded.
The ogre hits you with a +0 giant club!
You hit the ogre.
The ogre is moderately wounded.
You hit the ogre.
The ogre is moderately wounded.
The ogre hits you with a +0 giant club!
You hit the ogre.
The ogre is heavily wounded.
The ogre closely misses you.
You hit the ogre.
The ogre is severely wounded.
You hit the ogre.
The ogre is severely wounded.
The ogre hits you with a +0 giant club!!
* * * LOW HITPOINT WARNING * * *
You hit the ogre.
The ogre is severely wounded.
The ogre hits you with a +0 giant club!
You die...

#....###
#....#
#....#####
#.........
#..#>#####
#....#
#..###
#..# #.@#
#.O# #..#
#... #..#
#... ####


You could see an ogre.

Vanquished Creatures
  A phantom (D:4)
  4 scorpions
  A jelly (D:5)
  A hound (D:4)
  9 adders
  2 worms (D:2)
  A dart slug (D:1)
  An orc (D:4)
  9 endoplasms
  4 giant cockroaches
  9 goblins
  3 hobgoblins
  3 jackals (D:4)
  5 kobolds
  A quokka (D:3)
  8 ball pythons
  4 bats (D:1)
  5 frilled lizards
  3 rats (D:2)
74 creatures vanquished.

Notes
Turn   | Place    | Note
-------+----------+-------------------------------------------
     0 | D:1      | Sabo the Gargoyle Monk began the quest for the Orb.
     0 | D:1      | Reached XP level 1. HP: 14/14 MP: 1/1
   195 | D:1      | Reached XP level 2. HP: 19/19 MP: 2/2
  1117 | D:1      | Reached skill level 3 in Axes
  1318 | D:2      | Reached XP level 3. HP: 23/23 MP: 3/3
  1456 | D:2      | Reached skill level 1 in Armour
  1456 | D:2      | Reached XP level 4. HP: 29/29 MP: 4/4
  1667 | D:2      | Found Loirrauw's Weapon Shop.
  2092 | D:3      | Found a blossoming altar of Fedhas.
  2496 | D:3      | Reached XP level 5. HP: 33/33 MP: 5/5
  2844 | D:4      | Reached skill level 4 in Axes
  2875 | D:4      | Reached XP level 6. HP: 23/39 MP: 6/6
  3419 | D:4      | Reached skill level 5 in Axes
  3419 | D:4      | Reached skill level 1 in Stealth
  3865 | D:5      | Entered Level 5 of the Dungeon
  3873 | D:5      | Found a glowing golden altar of the Shining One.
  3955 | D:5      | Reached XP level 7. HP: 44/44 MP: 7/7
  4144 | D:5      | Mangled by an ogre

Illustrated notes

Levels and vault maps discovered:
D:1:      roderic_crossed_star, layout_basic, chequers_serial_rivers_small_b
D:2:      layout_rooms, serial_shops, shop
D:3:      layout_loops_ring, fedhas_ov_isle_minmay, fountainhead,
          chequers_serial_rivers_room_a
D:4:      layout_basic, grunt_ministairs_10, chequers_serial_rivers_small_b
D:5:      layout_loops_ring, tso_altar,
          mainiacjoe_overflow_concentric_impassable, minmay_temple_entry_grid,
          uniq_duvessa

Skill      XL: |  1  2  3  4  5  6 |
---------------+-------------------+-----
Axes           | 3 4 5 |  5.5
Armour         | 1 2 3 |  3.2
Dodging        | 3 |  3.1
Fighting       | 4 |  4.7
Stealth        | 1 |  1.0

Action                     |  1- 3 |  4- 6 |  7- 9 || total
---------------------------+-------+-------+-------++-------
  Melee: Hand axe          |    93 |   176 |    26 ||   295
    Use: Scroll            |     4 |     5 |       ||     9
 Armour: Scale mail        |     8 |       |       ||     8
         Chain mail        |    61 |   108 |     9 ||   178
  Dodge: Dodged            |    40 |    68 |    10 ||   118
